[ AOE2 MATCH · #505153648 ]
UnrankedTupi vs Wu
Player's team · WIN
Rival team · LOSS
[ REPLAY ANALYSIS · EXTRACTED FROM THE RECORDED GAME ]
Feudal
10:38
Castle
25:40
Imperial
—
| APM avg | 81.8 |
| APM peak | 101 |
| eAPM avg | 39.8 |
| Villagers / military | 180 / 86 |
Focus
⚔️ 33.2% · 🌾 66.8%
Unknown (2550) ×41 · Archer ×25 · Skirmisher ×23 · Petard ×21 · Spearman ×17 · Unknown (2582) ×1
Feudal
10:14
Castle
23:54
Imperial
—
| APM avg | 57.2 |
| APM peak | 111 |
| eAPM avg | 31.9 |
| Villagers / military | 85 / 20 |
Focus
⚔️ 41.6% · 🌾 58.4%
Unknown (1974) ×23 · Archer ×12 · Unknown (1944) ×12 · Militia ×7 · Monk ×1
Match map
Initial resources + every placement click. Lines = walls · curves = elevation contours. ◆ gold · ⬟ stone · ● berries · ✦ relic · ◌ wall gap
Your base· Open — 4t gap
Telo Bombeo's base· Open — 4t gap
Smoothed initial terrain · ◌ = detected wall gap · hover for details
Inputs per minute
— droginho - - Telo Bombeo
Build order — droginho
First 150 of 442 actions detected
| 0:00 | Create | Villager (Male) |
| 0:01 | Create | Villager (Male) |
| 0:01 | Create | Villager (Male) |
| 0:02 | Build | Settlement |
| 0:04 | Build | Barracks |
| 0:05 | Build | House |
| 0:05 | Create | Villager (Male) |
| 0:27 | Build | House |
| 0:46 | Create | Unit 2550 |
| 0:47 | Create | Unit 2550 |
| 0:51 | Create | Villager (Male) |
| 1:07 | Create | Villager (Male) |
| 1:44 | Create | Villager (Male) |
| 1:44 | Create | Villager (Male) |
| 2:12 | Research | Loom |
| 2:13 | Research | Loom |
| 2:26 | Create | Villager (Male) |
| 2:26 | Create | Villager (Male) |
| 2:50 | Create | Villager (Male) |
| 3:24 | Create | Villager (Male) |
| 3:24 | Create | Villager (Male) |
| 3:41 | Build | House |
| 4:00 | Build | Palisade Gate |
| 4:08 | Create | Villager (Male) |
| 4:08 | Create | Villager (Male) |
| 4:20 | Create | Villager (Male) |
| 4:46 | Create | Villager (Male) |
| 4:55 | Create | Villager (Male) |
| 4:55 | Create | Villager (Male) |
| 5:18 | Create | Unit 2550 |
| 5:31 | Create | Villager (Male) |
| 5:31 | Create | Villager (Male) |
| 5:53 | Create | Villager (Male) |
| 5:54 | Create | Villager (Male) |
| 6:07 | Build | Settlement |
| 6:25 | Create | Villager (Male) |
| 6:41 | Create | Villager (Male) |
| 6:46 | Create | Villager (Male) |
| 7:07 | Create | Villager (Male) |
| 7:44 | Build | Farm |
| 7:45 | Create | Villager (Male) |
| 8:28 | Research | Feudal Age |
| 9:24 | Create | Unit 2550 |
| 9:24 | Create | Unit 2550 |
| 9:24 | Create | Unit 2550 |
| 9:34 | Build | Settlement |
| 9:38 | Create | Villager (Male) |
| 9:52 | Create | Villager (Male) |
| 9:52 | Create | Villager (Male) |
| 9:54 | Create | Villager (Male) |
| 9:54 | Create | Villager (Male) |
| 9:54 | Create | Villager (Male) |
| 10:04 | Build | House |
| 10:14 | Build | House |
| 10:36 | Create | Villager (Male) |
| 10:38 | Age | Feudal Age |
| 10:41 | Research | Double-Bit Axe |
| 10:41 | Research | Double-Bit Axe |
| 10:47 | Create | Villager (Male) |
| 11:21 | Create | Villager (Male) |
| 11:24 | Build | Settlement |
| 11:25 | Create | Villager (Male) |
| 11:32 | Build | Archery Range |
| 11:34 | Create | Villager (Male) |
| 11:41 | Create | Villager (Male) |
| 11:56 | Research | Tech 1402 |
| 11:56 | Research | Tech 1402 |
| 12:02 | Create | Villager (Male) |
| 12:06 | Create | Villager (Male) |
| 12:19 | Build | Settlement |
| 12:23 | Create | Skirmisher |
| 12:23 | Create | Skirmisher |
| 12:49 | Create | Villager (Male) |
| 12:49 | Create | Villager (Male) |
| 12:57 | Build | Blacksmith |
| 12:59 | Create | Archer |
| 13:00 | Create | Archer |
| 13:05 | Build | House |
| 13:06 | Build | Palisade Wall |
| 13:14 | Create | Villager (Male) |
| 13:15 | Create | Villager (Male) |
| 13:16 | Create | Villager (Male) |
| 13:43 | Create | Villager (Male) |
| 13:44 | Build | Farm |
| 13:47 | Create | Archer |
| 13:47 | Create | Archer |
| 13:49 | Create | Skirmisher |
| 13:49 | Create | Skirmisher |
| 14:04 | Build | House |
| 14:08 | Build | House |
| 14:13 | Build | Palisade Wall |
| 14:14 | Build | House |
| 14:22 | Create | Villager (Male) |
| 14:25 | Build | Farm |
| 14:26 | Create | Archer |
| 14:27 | Create | Archer |
| 14:39 | Build | Palisade Wall |
| 14:49 | Build | Farm |
| 15:12 | Create | Archer |
| 15:14 | Build | House |
| 15:19 | Create | Archer |
| 15:24 | Build | Farm |
| 15:35 | Create | Archer |
| 15:36 | Create | Archer |
| 15:51 | Build | Farm |
| 15:52 | Build | Farm |
| 16:03 | Create | Villager (Male) |
| 16:03 | Create | Villager (Male) |
| 16:06 | Build | Farm |
| 16:08 | Build | Farm |
| 16:17 | Research | Fletching |
| 16:17 | Research | Fletching |
| 16:33 | Build | Farm |
| 16:35 | Build | Farm |
| 16:37 | Build | Farm |
| 16:38 | Create | Villager (Male) |
| 17:07 | Create | Archer |
| 17:07 | Create | Archer |
| 17:10 | Create | Villager (Male) |
| 17:14 | Create | Villager (Male) |
| 17:17 | Create | Archer |
| 17:17 | Create | Archer |
| 17:31 | Build | Palisade Wall |
| 17:34 | Create | Archer |
| 17:40 | Create | Villager (Male) |
| 17:41 | Create | Villager (Male) |
| 17:44 | Build | House |
| 17:44 | Build | House |
| 17:50 | Build | Market |
| 17:51 | Build | House |
| 17:52 | Create | Villager (Male) |
| 17:52 | Create | Villager (Male) |
| 17:55 | Build | Farm |
| 17:58 | Build | Palisade Wall |
| 18:01 | Create | Villager (Male) |
| 18:13 | Build | House |
| 18:19 | Create | Archer |
| 18:20 | Create | Archer |
| 18:41 | Create | Archer |
| 18:42 | Create | Archer |
| 19:03 | Create | Villager (Male) |
| 19:04 | Create | Villager (Male) |
| 19:08 | Build | Palisade Wall |
| 19:09 | Build | Palisade Wall |
| 19:10 | Create | Villager (Male) |
| 19:25 | Create | Archer |
| 19:26 | Create | Unit 2550 |
| 19:35 | Build | House |
| 19:40 | Build | Settlement |
| 19:48 | Create | Villager (Male) |
Build order — Telo Bombeo
First 150 of 299 actions detected
| 0:00 | Create | Villager (Male) |
| 0:01 | Create | Villager (Male) |
| 0:01 | Create | Villager (Male) |
| 0:02 | Build | House |
| 0:03 | Build | House |
| 0:10 | Create | Villager (Male) |
| 0:10 | Create | Villager (Male) |
| 1:24 | Create | Villager (Male) |
| 1:24 | Create | Villager (Male) |
| 1:56 | Create | Villager (Male) |
| 1:56 | Create | Villager (Male) |
| 2:10 | Create | Villager (Male) |
| 2:10 | Create | Villager (Male) |
| 2:19 | Build | Lumber Camp |
| 2:43 | Create | Villager (Male) |
| 2:43 | Create | Villager (Male) |
| 3:17 | Create | Villager (Male) |
| 3:18 | Create | Villager (Male) |
| 3:18 | Create | Villager (Male) |
| 3:29 | Build | House |
| 4:07 | Research | Loom |
| 4:32 | Create | Villager (Male) |
| 4:43 | Build | Mill |
| 4:53 | Build | Palisade Wall |
| 4:56 | Build | Palisade Wall |
| 4:57 | Build | Palisade Wall |
| 4:58 | Build | Palisade Wall |
| 4:59 | Build | Palisade Wall |
| 5:03 | Build | Palisade Wall |
| 5:05 | Build | Palisade Wall |
| 5:07 | Create | Villager (Male) |
| 5:07 | Create | Villager (Male) |
| 5:19 | Build | Palisade Wall |
| 5:49 | Build | Palisade Wall |
| 5:59 | Create | Villager (Male) |
| 6:05 | Create | Villager (Male) |
| 6:40 | Create | Villager (Male) |
| 6:55 | Build | House |
| 7:00 | Create | Villager (Male) |
| 7:39 | Create | Villager (Male) |
| 7:56 | Research | Feudal Age |
| 8:02 | Build | Barracks |
| 8:09 | Build | Palisade Wall |
| 8:11 | Build | Palisade Wall |
| 8:13 | Build | Palisade Wall |
| 8:25 | Build | Palisade Wall |
| 8:26 | Build | Palisade Wall |
| 8:28 | Build | Palisade Wall |
| 8:30 | Build | Palisade Wall |
| 8:52 | Build | Mining Camp |
| 8:56 | Build | Palisade Wall |
| 9:01 | Build | Palisade Wall |
| 9:37 | Create | Militia |
| 9:37 | Create | Militia |
| 9:37 | Create | Militia |
| 9:54 | Build | Palisade Wall |
| 10:00 | Create | Militia |
| 10:14 | Age | Feudal Age |
| 10:36 | Build | Palisade Wall |
| 10:38 | Build | Palisade Wall |
| 10:42 | Research | Man-at-Arms (upgrade) |
| 10:42 | Create | Militia |
| 10:44 | Create | Villager (Male) |
| 10:51 | Research | Double-Bit Axe |
| 10:51 | Research | Double-Bit Axe |
| 10:57 | Build | Palisade Wall |
| 11:03 | Build | Palisade Wall |
| 11:14 | Create | Militia |
| 11:16 | Create | Villager (Male) |
| 11:22 | Build | Archery Range |
| 11:28 | Build | House |
| 11:30 | Research | Town Watch |
| 11:48 | Build | Palisade Wall |
| 11:57 | Create | Archer |
| 12:02 | Build | Farm |
| 12:04 | Create | Villager (Male) |
| 12:07 | Create | Militia |
| 12:14 | Build | Palisade Wall |
| 12:21 | Build | Palisade Gate |
| 12:28 | Build | Palisade Gate |
| 12:46 | Create | Villager (Male) |
| 12:48 | Build | Farm |
| 12:49 | Create | Archer |
| 12:51 | Build | House |
| 12:54 | Build | House |
| 13:03 | Build | Palisade Wall |
| 13:23 | Create | Villager (Male) |
| 13:25 | Build | Palisade Wall |
| 13:33 | Create | Archer |
| 13:49 | Create | Archer |
| 13:51 | Create | Villager (Male) |
| 13:55 | Build | Blacksmith |
| 14:04 | Build | Farm |
| 14:05 | Create | Villager (Male) |
| 14:15 | Build | Palisade Wall |
| 14:18 | Create | Archer |
| 14:25 | Research | Scale Mail Armor |
| 15:04 | Build | Palisade Wall |
| 15:12 | Research | Fletching |
| 15:13 | Build | Farm |
| 15:14 | Create | Villager (Male) |
| 15:26 | Build | Palisade Wall |
| 15:31 | Create | Villager (Male) |
| 15:35 | Create | Archer |
| 15:48 | Create | Archer |
| 15:50 | Build | Farm |
| 16:00 | Create | Archer |
| 16:16 | Build | Farm |
| 16:23 | Create | Villager (Male) |
| 16:28 | Create | Archer |
| 16:34 | Build | House |
| 16:34 | Build | Palisade Wall |
| 17:06 | Create | Archer |
| 17:20 | Build | Farm |
| 17:22 | Build | Farm |
| 17:22 | Create | Villager (Male) |
| 17:26 | Create | Archer |
| 17:29 | Create | Villager (Male) |
| 18:44 | Create | Archer |
| 18:45 | Create | Villager (Male) |
| 19:06 | Create | Villager (Male) |
| 19:09 | Build | Market |
| 19:37 | Build | Palisade Wall |
| 19:39 | Create | Villager (Male) |
| 19:54 | Build | Farm |
| 19:54 | Build | Farm |
| 19:55 | Build | Farm |
| 20:05 | Create | Villager (Male) |
| 20:45 | Build | Barracks |
| 20:48 | Build | House |
| 20:52 | Build | House |
| 20:57 | Build | House |
| 21:00 | Build | House |
| 21:14 | Research | Castle Age |
| 21:21 | Build | Lumber Camp |
| 21:41 | Build | Farm |
| 21:41 | Build | Farm |
| 21:47 | Build | Palisade Wall |
| 22:56 | Build | Farm |
| 23:54 | Age | Castle Age |
| 24:01 | Create | Unit 1974 |
| 24:02 | Create | Unit 1974 |
| 24:02 | Create | Unit 1974 |
| 24:02 | Create | Unit 1974 |
| 24:05 | Build | Farm |
| 24:14 | Research | Chain Mail Armor |
| 24:31 | Build | Town Center |
| 24:39 | Research | Squires |
| 24:39 | Research | Squires |
| 25:01 | Create | Unit 1974 |
Match timeline
| 0:04 | droginho · first_building Barracks |
| 4:53 | Telo Bombeo · wall_segment Palisade Wall x1 |
| 4:56 | Telo Bombeo · wall_segment Palisade Wall x1 |
| 4:57 | Telo Bombeo · wall_segment Palisade Wall x1 |
| 4:58 | Telo Bombeo · wall_segment Palisade Wall x1 |
| 4:59 | Telo Bombeo · wall_segment Palisade Wall x1 |
| 5:03 | Telo Bombeo · wall_segment Palisade Wall x1 |
| 5:05 | Telo Bombeo · wall_segment Palisade Wall x1 |
| 5:19 | Telo Bombeo · wall_segment Palisade Wall x1 |
| 5:49 | Telo Bombeo · wall_segment Palisade Wall x1 |
| 8:02 | Telo Bombeo · first_building Barracks |
| 8:09 | Telo Bombeo · wall_segment Palisade Wall x1 |
| 8:11 | Telo Bombeo · wall_segment Palisade Wall x1 |
| 8:13 | Telo Bombeo · wall_segment Palisade Wall x1 |
| 8:25 | Telo Bombeo · wall_segment Palisade Wall x1 |
| 8:26 | Telo Bombeo · wall_segment Palisade Wall x1 |
| 8:28 | Telo Bombeo · wall_segment Palisade Wall x1 |
| 8:30 | Telo Bombeo · wall_segment Palisade Wall x1 |
| 8:56 | Telo Bombeo · wall_segment Palisade Wall x1 |
| 9:01 | Telo Bombeo · wall_segment Palisade Wall x1 |
| 9:54 | Telo Bombeo · wall_segment Palisade Wall x1 |
| 10:14 | Telo Bombeo · age_up feudal |
| 10:36 | Telo Bombeo · wall_segment Palisade Wall x1 |
| 10:38 | droginho · age_up feudal |
| 10:38 | Telo Bombeo · wall_segment Palisade Wall x1 |
| 10:57 | Telo Bombeo · wall_segment Palisade Wall x3 |
| 11:03 | Telo Bombeo · wall_segment Palisade Wall x1 |
| 11:22 | Telo Bombeo · first_building Archery Range |
| 11:32 | droginho · first_building Archery Range |
| 11:48 | Telo Bombeo · wall_segment Palisade Wall x5 |
| 12:14 | Telo Bombeo · wall_segment Palisade Wall x1 |
| 13:03 | Telo Bombeo · wall_segment Palisade Wall x4 |
| 13:06 | droginho · wall_segment Palisade Wall x1 |
| 13:25 | Telo Bombeo · wall_segment Palisade Wall x3 |
| 14:13 | droginho · wall_segment Palisade Wall x2 |
| 14:15 | Telo Bombeo · wall_segment Palisade Wall x2 |
| 14:39 | droginho · wall_segment Palisade Wall x4 |
| 15:04 | Telo Bombeo · wall_segment Palisade Wall x2 |
| 15:26 | Telo Bombeo · wall_segment Palisade Wall x2 |
| 16:34 | Telo Bombeo · wall_segment Palisade Wall x1 |
| 17:31 | droginho · wall_segment Palisade Wall x1 |
| 17:58 | droginho · wall_segment Palisade Wall x7 |
| 19:08 | droginho · wall_segment Palisade Wall x1 |
| 19:09 | droginho · wall_segment Palisade Wall x6 |
| 19:37 | Telo Bombeo · wall_segment Palisade Wall x3 |
| 19:57 | Telo Bombeo · first_market_buy 100 food |
| 19:59 | Telo Bombeo · first_market_sell 100 stone |
| 20:11 | droginho · wall_segment Palisade Wall x3 |
| 21:47 | Telo Bombeo · wall_segment Palisade Wall x1 |
| 21:52 | droginho · first_market_buy 100 food |
| 21:55 | droginho · first_market_sell 100 stone |
| 23:54 | Telo Bombeo · age_up castle |
| 25:40 | droginho · age_up castle |
| 26:23 | droginho · wall_segment Palisade Wall x6 |
| 26:46 | Telo Bombeo · wall_segment Palisade Wall x1 |
| 27:13 | Telo Bombeo · wall_segment Palisade Wall x7 |
| 28:14 | Telo Bombeo · wall_segment Palisade Wall x1 |
| 29:34 | Telo Bombeo · wall_segment Palisade Wall x5 |
| 31:00 | Telo Bombeo · first_building Stable |
| 32:12 | droginho · wall_segment Palisade Wall x1 |
| 33:03 | Telo Bombeo · first_building Monastery |
| 33:48 | Telo Bombeo · wall_segment Palisade Wall x1 |
| 33:52 | Telo Bombeo · wall_segment Palisade Wall x1 |
| 35:54 | droginho · wall_segment Palisade Wall x1 |
| 35:57 | droginho · first_building Monastery |
| 36:25 | droginho · wall_segment Palisade Wall x1 |
| 38:32 | droginho · first_building Castle |
| 39:43 | Telo Bombeo · resign |
[ AI ANALYSIS · 1 CREDIT ]
What really happened in this match?
Wolo.gg analyzes every decision: build order, eco, micro, common mistakes by bracket. Personalized analysis on WhatsApp or Discord in 30 seconds.
Civ guide
Tupi
Perfil
Droga0